Map: 포트 알렉산더 - 래더

Players

INnoVation - Winner!

  • Race: Terran Terran
  • League: Grandmaster
  • Spawn Location: 5:00

Maru

  • Race: Terran Terran
  • League: Master
  • Spawn Location: 11:00

Event: IEM Season 13 - Katowice Server Qualifiers America

VOD

Have the link to the VOD?

Description

Time

  • Played on: Jan. 6, 2019, 4:55 p.m.
  • Length: 8:25

All games in this series

Show
View Real Time Build Order
Export as new Build Order

INnoVation Terran - Winner!

Build Orders: Mech 

Get SALT Encoding   

  12  0:00  SCV  
  13  0:12  SCV  
  14  0:17  Supply Depot  
  14  0:24  SCV  
  15  0:28  Refinery  
  15  0:39  SCV  
  16  0:45  Barracks  
  16  0:51  SCV  
  16  0:56  Refinery  
  17  1:03  SCV  
  18  1:15  SCV  
  19  1:31  Orbital Command  
  19  1:32  Reaper  
  20  1:35  Factory  
  20  1:44  Supply Depot  
  20  1:57  SCV  
  21  2:04  Reaper  
  22  2:09  SCV  
  23  2:18  Hellion  
  23  2:21  SCV  
  26  2:28  Command Center  
  26  2:34  SCV  
  26  2:36  Reaper  
  28  2:40  Hellion  
  30  2:45  Supply Depot  
  30  2:46  SCV  
  31  2:56  Starport  
  31  3:02  SCV  
  31  3:06  Factory Tech Lab  
  31  3:09  Barracks Tech Lab  
  31  3:15  SCV  
  32  3:23  Refinery  
  32  3:26  Cyclone  
  32  3:27  SCV  
  36  3:39  SCV, Orbital Command  
  36  3:41  Raven  
  39  3:51  Refinery, SCV  
  40  3:58  Cyclone  
  43  4:03  SCV  
  43  4:12  SCV  
  43  4:15  SCV  
  41  4:24  SCV  
  41  4:26  Raven  
  41  4:27  SCV  
  43  4:38  Cyclone  
  43  4:39  SCV x2  
  44  4:51  SCV x2  
  44  4:52  Barracks Reactor  
  44  5:03  SCV x2  
  49  5:14  Supply Depot  
  49  5:15  SCV x2  
  49  5:20  Siege Tank  
  51  5:27  SCV  
  51  5:28  SCV  
  53  5:36  Viking x2  
  53  5:38  Supply Depot x2  
  53  5:39  SCV  
  53  5:40  SCV  
  59  5:49  Factory, Barracks Reactor  
  59  5:50  Factory  
  59  5:54  SCV x2  
  61  5:59  Siege Tank  
  64  6:06  SCV x2  
  64  6:09  Supply Depot  
  66  6:13  Viking  
  66  6:16  Viking  
  70  6:19  SCV  
  70  6:20  SCV  
  70  6:31  SCV  
  70  6:32  SCV, Supply Depot, Siege Tank  
  75  6:38  Hellion x2  
  79  6:43  Viking  
  79  6:46  Viking  
  84  6:55  Siege Tank, Supply Depot  
  84  6:58  Supply Depot  
  84  7:00  Liberator  
  86  7:05  Siege Tank  
  89  7:09  Liberator  
  89  7:12  Hellion x2  
  89  7:13  SCV  
  89  7:15  Supply Depot  
  94  7:16  SCV  
  98  7:29  Supply Depot  
  101  7:33  Hellion x2  
  105  7:41  Siege Tank  
  111  7:51  Siege Tank  
  111  7:56  Hellion x2  
  111  7:57  SCV x2  
  117  7:59  Supply Depot  
Show
View Real Time Build Order
Export as new Build Order

Maru Terran 

Build Orders: 1/1/1, Liberator Opening 

Get SALT Encoding   

  12  0:00  SCV  
  13  0:13  SCV  
  14  0:18  Supply Depot  
  14  0:25  SCV  
  15  0:30  Refinery  
  15  0:39  SCV  
  16  0:45  Barracks  
  16  0:51  SCV  
  16  0:56  Refinery  
  17  1:03  SCV  
  18  1:16  SCV  
  19  1:33  Reaper, Orbital Command  
  19  1:39  Factory  
  20  1:54  Supply Depot  
  20  1:58  SCV  
  21  2:05  Reaper  
  22  2:10  SCV  
  23  2:23  Hellion, Starport  
  23  2:24  SCV  
  26  2:32  Supply Depot  
  26  2:36  SCV  
  27  2:37  Reaper  
  27  2:42  Liberator  
  28  2:44  Hellion  
  28  2:48  SCV  
  33  3:08  Hellion  
  33  3:09  Supply Depot  
  33  3:11  Reaper  
  36  3:32  Liberator  
  36  3:33  Command Center  
  36  3:36  SCV  
  36  3:39  Factory Tech Lab  
  37  3:44  Barracks Reactor  
  37  3:53  SCV  
  41  4:01  Cyclone  
  44  4:05  SCV  
  39  4:17  SCV  
  39  4:21  Marine x2  
  42  4:30  SCV  
  42  4:33  Siege Tank  
  41  4:42  SCV  
  42  4:54  SCV, Orbital Command  
  42  4:57  Marine x2  
  42  5:00  Starport Tech Lab  
  42  5:04  Refinery  
  42  5:06  SCV  
  43  5:07  Siege Tank  
  46  5:16  Marine x2  
  46  5:18  SCV  
  46  5:20  SCV  
  50  5:28  Raven  
  49  5:30  SCV  
  49  5:32  SCV  
  51  5:37  Command Center  
  51  5:42  SCV  
  52  5:44  SCV  
  52  5:46  Barracks  
  52  5:48  Stimpack  
  53  5:51  Barracks  
  53  5:52  Factory Tech Lab  
  53  5:54  SCV  
  53  5:56  SCV  
  55  6:00  Supply Depot  
  55  6:06  SCV  
  55  6:08  SCV  
  57  6:12  Engineering Bay  
  57  6:13  Engineering Bay  
  57  6:18  SCV  
  57  6:20  SCV  
  57  6:21  Factory Reactor  
  57  6:24  Marauder  
  61  6:30  SCV, Supply Depot  
  61  6:32  SCV  
  63  6:35  Marine x2  
  65  6:43  SCV  
  65  6:44  SCV  
  66  6:48  Refinery  
  66  6:49  Orbital Command  
  66  6:53  Marauder  
  66  6:54  Marauder  
  70  6:55  Combat Shield, SCV  
  70  6:56  SCV  
  72  7:07  SCV  
  73  7:09  SCV  
  73  7:11  Orbital Command  
  73  7:12  Barracks  
  73  7:13  Marine x2  
  73  7:14  Barracks  
  73  7:15  Marauder x2  
  80  7:19  SCV  
  80  7:21  SCV  
  82  7:31  SCV  
  82  7:33  SCV  
  82  7:36  SCV  
  85  7:38  Factory Reactor, Supply Depot  
  85  7:39  Viking, Supply Depot  
  85  7:40  Starport  
  85  7:43  SCV  
  88  7:47  SCV  
  88  7:50  SCV  
  90  7:55  SCV  
  93  8:00  Marauder  
  83  8:13  SCV  

Tags
 
Add a new tag
Caveats
  • Supply blocks, unpowered buildings, or Contaminate may cause inaccurate times.
  • Supply counts are checked every 10 seconds.